General information
- name: BNet
- type: Ladder team game (AT/RT)
- host: Battle.net
- saver: DeathOfALion
map: Battleground
- players: 8
- length: 43:09
- speed: Fast
- version: 1.27 W3XP
- replay type: Public
» download(233 KB)
Players
team 1 (winner)
ThugMaSteR (
teal | 51 APM | 769 actions | 14:57)
3 Death Knight
2 Death Coil
1 Unholy Aura
2 Lich
1 Frost Nova
1 Frost Armor
» actions
| Assign group hotkey | 25 | |
| Basic commands | 2 | |
| Build / train | 43 | |
| Enter build submenu | 12 | |
| Enter hero's abilities submenu | 5 | |
| Right click | 353 | |
| Select / deselect | 173 | |
| Select group hotkey | 110 | |
| Use ability | 46 | |
769 total
» units
| Acolyte | 11 | |
| Ghoul | 3 | |
| Crypt Fiend | 5 | |
| Gargoyle | 1 | |
| Obsidian Statue | 2 | |
22 total
» upgrades
| Creature Attack | 1 | |
| Creature Carapace | 1 | |
| Web | 1 | |
| Destroyer Form | 1 | |
4 total
» buildings
| Crypt | 1 | |
| Graveyard | 1 | |
| Ziggurat | 5 | |
| Altar of Darkness | 1 | |
| Spirit Tower | 2 | |
| Tomb of Relics | 1 | |
| Halls of the Dead | 1 | |
| Black Citadel | 1 | |
| Slaughterhouse | 1 | |
14 total
» build order
00:25 Crypt
00:30 Graveyard
00:54 Ziggurat
01:08 Ziggurat
02:23 Altar of Darkness
02:24 Spirit Tower
03:15 Spirit Tower
03:32 Tomb of Relics
05:11 Halls of the Dead
06:10 Ziggurat
06:27 Ziggurat
08:33 Black Citadel
08:51 Slaughterhouse
09:25 Ziggurat
» items
| Rod of Necromancy | 2 | |
| Boots of Speed | 1 | |
3 total

»
CeO1 (
red | 52 APM | 766 actions | 14:50)
3 Keeper of the Grove
1 Entangling Roots
2 Force of Nature
1 Demon Hunter
1 Mana Burn
» actions
| Assign group hotkey | 12 | |
| Build / train | 44 | |
| Enter build submenu | 13 | |
| Enter hero's abilities submenu | 5 | |
| Give item / drop item | 4 | |
| Right click | 321 | |
| Select / deselect | 249 | |
| Select group hotkey | 59 | |
| Use ability | 59 | |
766 total
» units
| Wisp | 13 | |
| Archer | 3 | |
| Forest Troll Berserker | 1 | |
| Forest Troll Shadow Priest | 1 | |
| Mountain Giant | 2 | |
| Dryad | 1 | |
| Druid of the Claw | 3 | |
24 total
» upgrades
| Strength of the Wild | 1 | |
| Reinforced Hides | 1 | |
| Abolish Magic | 1 | |
| Druid of the Claw Training | 2 | |
5 total
» buildings
| Moon Well | 6 | |
| Altar of Elders | 1 | |
| Ancient of War | 1 | |
| Ancient of Wonders | 1 | |
| Tree of Ages | 1 | |
| Hunter's Hall | 1 | |
| Ancient of Lore | 2 | |
| Tree of Eternity | 1 | |
14 total
» build order
00:19 Moon Well
00:20 Altar of Elders
00:32 Ancient of War
01:40 Moon Well
02:20 Ancient of Wonders
02:50 Tree of Ages
03:25 Hunter's Hall
03:35 Moon Well
05:37 Ancient of Lore
05:42 Ancient of Lore
05:58 Moon Well
08:23 Moon Well
09:28 Tree of Eternity
12:05 Moon Well
» items
| Lesser Clarity Potion | 1 | |
| Staff of Preservation | 1 | |
| Potion of Lesser Invulnerability | 5 | |
7 total
DeathOfALion (
yellow | 58 APM | 2507 actions | 43:09)
4 Archmage
2 Summon Water Elemental
2 Brilliance Aura
» actions
| Assign group hotkey | 86 | |
| Basic commands | 42 | |
| Build / train | 151 | |
| ESC pressed | 8 | |
| Enter build submenu | 38 | |
| Enter hero's abilities submenu | 4 | |
| Give item / drop item | 2 | |
| Right click | 1130 | |
| Select / deselect | 438 | |
| Select group hotkey | 412 | |
| Use ability | 196 | |
2507 total
» units
| Peasant | 18 | |
| Footman | 4 | |
| Rifleman | 7 | |
| Wisp | 3 | |
| Acolyte | 6 | |
38 total
» upgrades
| Gunpowder | 2 | |
| Armor | 1 | |
| Masonry | 2 | |
| Long Rifles | 1 | |
| Well Spring | 1 | |
7 total
» buildings
| Barracks | 1 | |
| Altar of Kings | 1 | |
| Farm | 8 | |
| Arcane Vault | 1 | |
| Blacksmith | 1 | |
| Lumber Mill | 1 | |
| Scout Tower | 6 | |
| Keep | 3 | |
| Arcane Tower | 9 | |
| Guard Tower | 17 | |
| Ancient Protector | 3 | |
| Spirit Tower | 26 | |
| Tree of Life | 1 | |
| Ziggurat | 8 | |
| Nerubian Tower | 13 | |
| Sacrificial Pit | 1 | |
100 total
» build order
01:09 Barracks
01:10 Altar of Kings
01:13 Farm
01:16 Farm
01:19 Farm
02:02 Arcane Vault
02:22 Farm
02:37 Blacksmith
03:10 Farm
05:06 Lumber Mill
05:20 Farm
05:55 Scout Tower
06:01 Scout Tower
06:54 Keep
06:54 Keep
07:01 Arcane Tower
07:01 Arcane Tower
07:02 Arcane Tower
07:03 Arcane Tower
07:03 Arcane Tower
07:04 Arcane Tower
07:04 Arcane Tower
08:38 Scout Tower
08:42 Scout Tower
08:47 Scout Tower
08:50 Scout Tower
09:09 Guard Tower
09:10 Guard Tower
09:10 Guard Tower
09:12 Guard Tower
09:12 Guard Tower
09:20 Guard Tower
09:20 Guard Tower
09:21 Guard Tower
10:27 Farm
10:30 Farm
12:04 Guard Tower
12:05 Guard Tower
12:05 Guard Tower
12:27 Guard Tower
12:27 Guard Tower
15:20 Ancient Protector
15:21 Ancient Protector
15:22 Ancient Protector
15:35 Spirit Tower
15:35 Spirit Tower
15:36 Spirit Tower
16:54 Tree of Life
31:24 Ziggurat
31:32 Ziggurat
32:14 Ziggurat
32:21 Spirit Tower
32:22 Spirit Tower
32:22 Spirit Tower
32:31 Spirit Tower
32:31 Spirit Tower
32:32 Spirit Tower
32:37 Ziggurat
33:12 Nerubian Tower
33:12 Nerubian Tower
33:40 Spirit Tower
33:40 Spirit Tower
33:40 Spirit Tower
33:43 Ziggurat
34:29 Ziggurat
34:32 Ziggurat
34:38 Ziggurat
34:43 Spirit Tower
34:43 Spirit Tower
34:43 Spirit Tower
34:44 Spirit Tower
34:47 Nerubian Tower
34:47 Nerubian Tower
34:47 Nerubian Tower
35:04 Sacrificial Pit
35:37 Spirit Tower
35:37 Spirit Tower
35:38 Spirit Tower
35:57 Nerubian Tower
35:57 Nerubian Tower
35:58 Nerubian Tower
35:58 Nerubian Tower
» items
| Boots of Speed | 1 | |
| Staff of Teleportation | 1 | |
| Scroll of Regeneration | 4 | |
| Mechanical Critter | 10 | |
| Scroll of Town Portal | 2 | |
| Ivory Tower | 3 | |
21 total
GrowingBoy (
purple | 44 APM | 662 actions | 15:10)
2 Death Knight
1 Death Coil
1 Unholy Aura
» actions
| Assign group hotkey | 26 | |
| Build / train | 41 | |
| ESC pressed | 1 | |
| Enter build submenu | 14 | |
| Enter hero's abilities submenu | 2 | |
| Remove unit from queue | 1 | |
| Right click | 324 | |
| Select / deselect | 122 | |
| Select group hotkey | 106 | |
| Use ability | 25 | |
662 total
» units
| Acolyte | 9 | |
| Ghoul | 3 | |
| Crypt Fiend | 4 | |
| Gargoyle | 12 | |
28 total
» upgrades
| Creature Attack | 2 | |
| Web | 1 | |
| Burrow | 1 | |
| Creature Carapace | 1 | |
5 total
» buildings
| Altar of Darkness | 1 | |
| Ziggurat | 5 | |
| Crypt | 2 | |
| Graveyard | 2 | |
| Nerubian Tower | 2 | |
| Halls of the Dead | 1 | |
| Spirit Tower | 1 | |
14 total
» build order
00:09 Altar of Darkness
00:21 Ziggurat
00:52 Crypt
01:16 Crypt
01:41 Graveyard
01:52 Graveyard
01:59 Ziggurat
02:02 Nerubian Tower
03:37 Halls of the Dead
03:48 Spirit Tower
04:35 Ziggurat
06:06 Ziggurat
12:32 Ziggurat
14:58 Nerubian Tower
team 2 (loser)
goodsirs (
orange | 91 APM | 3894 actions | 42:57)
5 Archmage
3 Summon Water Elemental
2 Brilliance Aura
4 Mountain King
2 Storm Bolt
2 Bash
» actions
| Assign group hotkey | 58 | |
| Basic commands | 380 | |
| Build / train | 116 | |
| Enter build submenu | 54 | |
| Enter hero's abilities submenu | 10 | |
| Give item / drop item | 7 | |
| Right click | 1052 | |
| Select / deselect | 1173 | |
| Select group hotkey | 915 | |
| Use ability | 124 | |
3894 total
» units
| Peasant | 13 | |
| Footman | 8 | |
| Knight | 8 | |
| Flying Machine | 15 | |
44 total
» upgrades
| Swords | 2 | |
| Animal War Training | 1 | |
| Plating | 2 | |
| Masonry | 3 | |
| Lumber Harvesting | 2 | |
| Flak Cannons | 1 | |
11 total
» buildings
| Altar of Kings | 1 | |
| Farm | 11 | |
| Barracks | 2 | |
| Keep | 4 | |
| Arcane Vault | 1 | |
| Lumber Mill | 1 | |
| Blacksmith | 1 | |
| Castle | 2 | |
| Scout Tower | 14 | |
| Arcane Tower | 2 | |
| Guard Tower | 16 | |
| Workshop | 2 | |
| Altar of Storms | 1 | |
58 total
» build order
00:17 Altar of Kings
00:28 Farm
00:31 Barracks
01:02 Farm
01:57 Farm
03:02 Keep
03:02 Keep
03:02 Keep
04:00 Arcane Vault
04:03 Farm
04:08 Lumber Mill
04:12 Blacksmith
05:27 Castle
05:27 Castle
07:00 Barracks
07:26 Farm
07:27 Farm
07:28 Farm
07:29 Farm
09:18 Farm
09:19 Farm
11:41 Scout Tower
12:00 Scout Tower
12:15 Arcane Tower
12:16 Arcane Tower
12:33 Guard Tower
12:34 Scout Tower
14:53 Guard Tower
19:23 Scout Tower
19:24 Scout Tower
19:28 Scout Tower
19:31 Scout Tower
19:32 Scout Tower
19:53 Guard Tower
19:56 Scout Tower
19:57 Guard Tower
19:59 Scout Tower
20:02 Guard Tower
20:02 Guard Tower
20:03 Scout Tower
20:21 Scout Tower
20:22 Guard Tower
20:22 Guard Tower
20:35 Guard Tower
20:38 Scout Tower
20:51 Guard Tower
21:11 Guard Tower
21:11 Guard Tower
21:12 Scout Tower
25:48 Farm
27:21 Guard Tower
27:22 Guard Tower
28:41 Workshop
29:38 Workshop
33:17 Altar of Storms
» items
| Lesser Clarity Potion | 2 | |
| Scroll of Regeneration | 4 | |
| Staff of Sanctuary | 2 | |
| Scroll of Town Portal | 2 | |
| Potion of Healing | 2 | |
| Ivory Tower | 3 | |
15 total
kangzzoda (
blue | 48 APM | 1919 actions | 39:41)
6 Archmage
3 Summon Water Elemental
2 Brilliance Aura
1 Mass Teleport
4 Mountain King
2 Storm Bolt
2 Bash
» actions
| Assign group hotkey | 2 | |
| Basic commands | 222 | |
| Build / train | 62 | |
| ESC pressed | 1 | |
| Enter build submenu | 17 | |
| Enter hero's abilities submenu | 10 | |
| Right click | 388 | |
| Select / deselect | 787 | |
| Select group hotkey | 343 | |
| Use ability | 84 | |
1919 total
» units
| Peasant | 8 | |
| Rifleman | 11 | |
| Mortar Team | 6 | |
25 total
» upgrades
| Gunpowder | 3 | |
| Lumber Harvesting | 2 | |
| Long Rifles | 1 | |
| Flare | 1 | |
| Fragmentation Shards | 1 | |
| Armor | 1 | |
| Masonry | 1 | |
10 total
» buildings
| Farm | 8 | |
| Altar of Kings | 1 | |
| Barracks | 1 | |
| Blacksmith | 1 | |
| Lumber Mill | 1 | |
| Keep | 1 | |
| Arcane Vault | 1 | |
| Workshop | 2 | |
| Castle | 1 | |
17 total
» build order
00:19 Farm
00:28 Altar of Kings
01:03 Barracks
01:30 Blacksmith
01:45 Farm
02:02 Farm
03:18 Farm
03:40 Lumber Mill
04:25 Keep
04:50 Arcane Vault
05:23 Farm
05:23 Farm
07:16 Workshop
07:18 Workshop
09:15 Farm
09:15 Farm
12:49 Castle
» items
| Boots of Speed | 1 | |
| Potion of Lesser Invulnerability | 2 | |
| Scroll of Town Portal | 2 | |
| Orb of Fire | 1 | |
| Scroll of Regeneration | 1 | |
| Staff of Sanctuary | 1 | |
8 total
Nevermind (
pink | 61 APM | 2620 actions | 42:57)
6 Blademaster
3 Wind Walk
2 Critical Strike
1 Bladestorm
» actions
| Assign group hotkey | 38 | |
| Basic commands | 460 | |
| Build / train | 72 | |
| Enter build submenu | 90 | |
| Enter hero's abilities submenu | 6 | |
| Give item / drop item | 13 | |
| Remove unit from queue | 1 | |
| Right click | 805 | |
| Select / deselect | 493 | |
| Select group hotkey | 476 | |
| Use ability | 166 | |
2620 total
» units
| Peon | 24 | |
| Grunt | 4 | |
| Troll Batrider | 1 | |
| Wind Rider | 3 | |
| Demolisher | 5 | |
37 total
» upgrades
| Reinforced Defenses | 1 | |
| Ranged Weapons | 3 | |
| Armor | 3 | |
| Envenomed Spears | 1 | |
| Burning Oil | 2 | |
10 total
» buildings
| Orc Burrow | 8 | |
| Altar of Storms | 2 | |
| Barracks | 5 | |
| Voodoo Lounge | 3 | |
| Stronghold | 1 | |
| War Mill | 3 | |
| Beastiary | 8 | |
| Great Hall | 3 | |
| Watch Tower | 58 | |
| Fortress | 1 | |
92 total
» build order
00:11 Orc Burrow
00:51 Altar of Storms
01:00 Orc Burrow
01:03 Altar of Storms
01:05 Barracks
01:36 Voodoo Lounge
02:04 Voodoo Lounge
02:49 Stronghold
04:06 War Mill
04:23 Orc Burrow
04:55 Orc Burrow
05:41 Beastiary
05:41 Beastiary
06:28 Great Hall
06:30 Watch Tower
06:30 Watch Tower
06:30 Watch Tower
06:31 Watch Tower
06:37 Watch Tower
08:12 Fortress
08:15 Watch Tower
08:16 Watch Tower
08:16 Watch Tower
08:16 Watch Tower
08:47 Watch Tower
08:47 Watch Tower
08:49 Voodoo Lounge
09:12 Watch Tower
09:13 Watch Tower
09:14 Watch Tower
09:15 Watch Tower
09:18 Watch Tower
11:17 Watch Tower
11:17 Watch Tower
11:17 Watch Tower
11:19 Watch Tower
11:53 Watch Tower
11:55 Watch Tower
11:56 Watch Tower
12:09 Watch Tower
12:10 Watch Tower
12:10 Watch Tower
12:10 Watch Tower
12:10 Watch Tower
12:12 Watch Tower
12:12 Watch Tower
12:27 Watch Tower
12:28 Watch Tower
15:34 Beastiary
15:34 Beastiary
15:35 Beastiary
15:35 Beastiary
15:51 Orc Burrow
16:11 Orc Burrow
16:12 Orc Burrow
16:13 Orc Burrow
16:17 Beastiary
16:17 Beastiary
16:21 Watch Tower
16:21 Watch Tower
16:22 Watch Tower
16:22 Watch Tower
16:23 Watch Tower
16:23 Watch Tower
16:24 Watch Tower
16:24 Watch Tower
18:23 War Mill
21:45 Barracks
21:45 Barracks
21:46 Barracks
21:47 Barracks
22:03 Watch Tower
22:03 Watch Tower
22:03 Watch Tower
22:04 Watch Tower
22:41 Watch Tower
22:56 Great Hall
23:00 Watch Tower
23:00 Watch Tower
23:01 Watch Tower
23:01 Watch Tower
23:02 Watch Tower
23:02 Watch Tower
23:03 Watch Tower
23:08 Watch Tower
23:09 Watch Tower
23:11 Watch Tower
23:44 Watch Tower
24:35 War Mill
25:52 Great Hall
» items
| Healing Salve | 2 | |
| Boots of Speed | 1 | |
| Circlet of Nobility | 1 | |
| Scroll of Town Portal | 3 | |
| Potion of Healing | 1 | |
| Potion of Mana | 1 | |
| Lesser Clarity Potion | 1 | |
| Orb of Lightning | 1 | |
| Staff of Teleportation | 2 | |
| Periapt of Vitality | 2 | |
15 total

»
TheSithLord (
green | 22 APM | 634 actions | 29:22)
5 Blademaster
3 Wind Walk
2 Critical Strike
» actions
| Basic commands | 6 | |
| Build / train | 39 | |
| Enter build submenu | 15 | |
| Enter hero's abilities submenu | 5 | |
| Give item / drop item | 3 | |
| Right click | 279 | |
| Select / deselect | 234 | |
| Use ability | 53 | |
634 total
» units
» upgrades
| Spiked Barricades | 2 | |
| Reinforced Defenses | 1 | |
| Backpack | 1 | |
| Pillage | 1 | |
5 total
» buildings
| Altar of Storms | 1 | |
| Orc Burrow | 3 | |
| War Mill | 1 | |
| Voodoo Lounge | 1 | |
| Watch Tower | 5 | |
| Stronghold | 1 | |
| Fortress | 1 | |
| Great Hall | 3 | |
16 total
» build order
00:20 Altar of Storms
00:26 Orc Burrow
00:49 War Mill
01:14 Voodoo Lounge
01:36 Orc Burrow
02:36 Watch Tower
02:47 Watch Tower
03:02 Watch Tower
05:34 Stronghold
06:43 Watch Tower
06:46 Watch Tower
06:55 Orc Burrow
08:10 Fortress
14:29 Great Hall
17:46 Great Hall
17:53 Great Hall
» items
| Boots of Speed | 1 | |
| Staff of Teleportation | 1 | |
| Circlet of Nobility | 2 | |
| Lesser Clarity Potion | 3 | |
| Potion of Mana | 2 | |
| Orb of Lightning | 1 | |
| Potion of Healing | 2 | |
| Healing Salve | 1 | |
13 total
Chat log
(05:32 / Allies) DeathOfALion: trapped bm lol
(05:37 / All) DeathOfALion: trapped lol!
(05:51 / All) TheSithLord: ahh
(09:55 / Allies) CeO1: expo
(11:35 / All) Nevermind: my mouse is fucked for some reason
(11:47 / All) TheSithLord: im using the laptop mouse lol
(11:50 / All) DeathOfALion: mine too lately, it randomly doesn't register for like 3 secs
(12:49 / All) ThugMaSteR: what a fuckn dumb hacker
(13:07 / All) Nevermind: who
(13:15 / All) ThugMaSteR: u asshole
(13:21 / All) ThugMaSteR: fuckn noob
(13:33 / All) Nevermind: that's not any way to speak to your betters
(13:37 / All) Nevermind: newbie
(13:43 / Allies) DeathOfALion: gold
(13:46 / Allies) DeathOfALion: for re[pairs
(13:47 / Allies) DeathOfALion: FAST
(13:57 / Allies) DeathOfALion: help
(14:34 / All) ThugMaSteR: fuckn trash
(14:49 / All) ThugMaSteR: lucky team sucks
(14:54 / All) ThugMaSteR: fuckn noob pink
(14:58 / All) TheSithLord: u ass
(17:59 / All) TheSithLord: pink u bitch
(31:00 / All) Nevermind: lol
(31:05 / All) DeathOfALion: gg just leave
(31:07 / All) DeathOfALion: I won this 1v4
(31:16 / All) DeathOfALion: I want my win and I want it now, give up and stop wasting my precious time
(32:00 / All) Nevermind: coward
(32:02 / All) DeathOfALion: I'm a millionaire and I have two hot chicks waiting for me to bang so just give me my win already and leave dudes
(32:07 / All) DeathOfALion: threesome every two weeks bro
(32:32 / All) Nevermind: Die on your knees coward
(36:05 / All) Nevermind: thugmaster was whispering me that I hacked
(36:11 / All) Nevermind: rich stuff coming from him
(36:14 / All) DeathOfALion: He's a hacker but you aren't LOL
(36:16 / All) DeathOfALion: funny guy
(41:28 / All) Nevermind: guess blue and orange stuck around thinking they'd get the win
(42:30 / All) Nevermind: Orange doesn't talk
(42:33 / All) Nevermind: Think I'll just end it
(42:37 / All) Nevermind: He gave me all his recs tho
(42:40 / All) Nevermind: Was touching
(42:46 / All) Nevermind: good sportsman